Map: Oxide LE

Players

ViBE - Winner!

  • Race: Zerg Zerg
  • League: Platinum

utmosTTerror

  • Race: Terran Terran
  • League: Platinum

VOD

Have the link to the VOD?

Description

Time

  • Played on: April 6, 2021, 7:26 p.m.
  • Length: 11:32
Show
View Real Time Build Order
Export as new Build Order

ViBE Zerg - Winner!

Build Orders: Hatch First, Roach Hydra 

Get SALT Encoding   

  12  0:00  Drone  
  13  0:13  Overlord  
  13  0:20  Drone  
  14  0:31  Drone x2  
  16  0:49  Hatchery  
  15  0:52  Drone  
  16  0:58  Drone  
  16  1:03  Drone  
  18  1:13  Spawning Pool  
  18  1:15  Drone  
  18  1:19  Drone  
  19  1:29  Drone  
  20  1:36  Extractor  
  19  2:01  Overlord  
  19  2:02  Drone x3  
  19  2:03  Queen x2  
  26  2:13  Drone x2  
  28  2:27  Drone  
  28  2:28  Drone  
  30  2:34  Overlord  
  30  2:41  Drone  
  31  2:44  Lair  
  31  2:45  Queen  
  31  2:47  Overlord  
  31  2:49  Drone  
  34  2:55  Drone  
  35  3:04  Drone  
  36  3:10  Drone x2  
  38  3:14  Drone  
  38  3:15  Drone x4  
  38  3:18  Drone x2  
  45  3:25  Drone  
  46  3:32  Roach Warren  
  46  3:33  Evolution Chamber  
  44  3:35  Drone  
  44  3:36  Drone  
  46  3:43  Hatchery  
  46  3:44  Drone x2  
  47  3:51  Overlord  
  47  3:53  Drone x4  
  47  3:55  Extractor  
  50  3:57  Extractor  
  49  4:05  Overlord  
  49  4:13  Roach x2  
  49  4:16  Queen  
  55  4:18  Overlord  
  55  4:20  Overlord  
  55  4:25  Roach  
  55  4:26  Roach x4  
  65  4:32  Drone x3  
  68  4:41  Overlord  
  68  4:43  Drone  
  68  4:45  Glial Reconstitution  
  69  4:46  Zerg Missile Weapons Level 1  
  69  4:51  Drone x4  
  74  5:00  Drone x5  
  78  5:07  Hydralisk Den  
  78  5:09  Evolution Chamber  
  78  5:10  Drone x2  
  78  5:11  Drone  
  79  5:14  Extractor  
  78  5:24  Overseer, Overlord  
  78  5:28  Drone x4  
  79  5:34  Drone x8  
  79  5:35  Drone  
  91  5:37  Extractor x2  
  89  5:49  Hydralisk  
  89  5:50  Hatchery, Hydralisk x3  
  89  5:52  Spore Crawler  
  89  5:53  Spore Crawler  
  92  5:57  Spore Crawler  
  92  6:00  Queen  
  92  6:01  Queen x2  
  91  6:13  Drone x5  
  91  6:14  Drone x4  
  95  6:25  Overlord  
  95  6:26  Overlord x2  
  95  6:28  Drone  
  95  6:29  Drone x4  
  98  6:43  Overlord x2  
  98  6:44  Grooved Spines  
  98  6:54  Drone x3  
  98  6:57  Hydralisk x2  
  105  7:04  Hydralisk x4  
  112  7:19  Drone x11  
  123  7:39  Drone x6  
  123  7:40  Spore Crawler  
  128  7:45  Extractor x2  
  128  7:47  Drone  
  128  7:48  Drone x7  
  134  7:55  Hatchery  
  134  7:56  Muscular Augments  
  134  7:58  Hydralisk x5  
  135  8:03  Overlord x4  
  143  8:09  Overlord x2  
  143  8:24  Infestation Pit  
  142  8:32  Hydralisk  
  142  8:33  Hydralisk x15  
  174  8:36  Zerg Missile Weapons Level 2  
  174  8:37  Zerg Ground Armor Level 1  
  174  8:47  Roach x6  
  184  8:59  Roach x4  
  178  9:18  Roach x7, Hydralisk  
  178  9:19  Hydralisk x2  
  178  9:21  Hive  
  198  9:29  Spore Crawler  
  198  9:31  Drone, Overlord x2  
  198  10:02  Hydralisk  
  188  10:57  Roach x14, Hydralisk  
  168  10:58  Hydralisk x5  
  168  11:02  Extractor x2  
  168  11:03  Drone x2  
Show
View Real Time Build Order
Export as new Build Order

utmosTTerror Terran 

Build Orders: Reaper Expand, Mech 

Get SALT Encoding   

  12  0:00  SCV  
  13  0:12  SCV  
  14  0:17  Supply Depot  
  14  0:24  SCV  
  15  0:38  SCV  
  15  0:39  Barracks  
  16  0:44  Refinery  
  16  0:50  SCV  
  17  1:02  SCV  
  18  1:15  SCV  
  19  1:31  Orbital Command  
  19  1:35  Reaper  
  20  1:45  Command Center  
  20  1:56  Supply Depot  
  20  2:02  SCV  
  21  2:13  Factory  
  21  2:22  Barracks Tech Lab  
  21  2:25  Refinery  
  21  2:26  SCV  
  22  2:39  SCV  
  22  2:40  Marine  
  24  2:51  SCV  
  25  2:58  Orbital Command  
  25  2:59  Starport  
  25  3:03  SCV  
  26  3:15  SCV  
  26  3:18  Barracks Tech Lab  
  28  3:33  Orbital Command  
  27  3:44  Fusion Core  
  27  3:46  Hellion  
  29  3:59  SCV  
  29  4:00  SCV  
  31  4:08  Hellion  
  33  4:13  Supply Depot  
  33  4:14  Supply Depot  
  33  4:15  Engineering Bay  
  33  4:16  SCV x2  
  35  4:21  Supply Depot  
  35  4:29  Hellion  
  37  4:31  SCV  
  37  4:32  SCV  
  37  4:36  Refinery  
  37  4:37  Battlecruiser  
  45  4:42  Command Center  
  45  4:46  SCV x2  
  46  4:56  Siege Tank  
  46  4:57  Refinery  
  49  5:01  SCV x2  
  51  5:13  SCV x2  
  53  5:16  Factory  
  53  5:25  SCV  
  54  5:32  Armory  
  54  5:35  Siege Tank  
  57  5:45  SCV x2  
  57  5:46  Supply Depot  
  57  5:49  Medivac  
  61  5:57  SCV  
  61  5:58  SCV  
  63  6:20  Terran Vehicle Weapons Level 1  
  63  6:21  Factory Reactor  
  63  6:44  Reaper, Hellbat  
  63  6:46  SCV x2  
  69  6:48  Neosteel Armor  
  69  6:50  Planetary Fortress  
  68  6:58  SCV  
  69  7:06  Hellbat  
  65  7:17  Hellbat x2  
  65  7:19  SCV x2  
  71  7:25  Factory x3  
  71  7:27  Hellbat  
  73  7:30  Infernal Pre-Igniter  
  73  7:31  SCV  
  73  7:34  Supply Depot  
  74  7:38  Hellbat  
  74  7:40  Refinery  
  76  7:44  Refinery  
  76  7:45  Hellbat  
  76  7:49  Hellbat  
  80  7:53  SCV x2  
  80  7:54  SCV  
  83  8:00  Hellbat  
  83  8:05  SCV x2  
  87  8:06  SCV, Hellbat  
  87  8:10  Hellbat  
  92  8:12  Factory Tech Lab  
  92  8:13  Factory Reactor, Factory Tech Lab  
  92  8:15  Terran Vehicle And Ship Armor Level 1  
  92  8:17  SCV x2  
  92  8:18  SCV  
  92  8:19  Medivac  
  96  8:21  Hellbat  
  98  8:29  SCV x2  
  100  8:37  Siege Tank  
  100  8:40  Command Center  
  103  8:45  SCV  
  104  8:49  Mag-Field Accelerator  
  96  8:56  Hellbat x2  
  96  8:57  Siege Tank x2  
  96  8:58  Hellbat x2  
  90  9:05  SCV  
  90  9:09  Siege Tank  
  94  9:17  Sensor Tower  
  94  9:19  Supply Depot, Hellbat x3  
  94  9:20  Hellbat, Medivac  
  104  9:29  Siege Tank  
  104  9:30  Hellbat  
  109  9:39  Supply Depot  
  109  9:41  Hellbat x4  
  109  9:42  Hellbat  
  119  9:49  Command Center  
  119  9:50  Medivac  
  119  9:51  Hellbat  
  119  9:52  SCV  
  124  10:01  Hellbat  
  124  10:02  Hellbat  
  124  10:03  Cyclone  
  131  10:12  Cyclone  
  134  10:20  Medivac  
  136  10:23  Siege Tank  
  139  10:35  Cyclone  
  135  10:44  Cyclone  
  113  10:52  Hellbat x2  
  113  10:53  Hellbat x2  
  113  10:55  Cyclone  
Tags
 
Add a new tag
Caveats
  • Supply blocks, unpowered buildings, or Contaminate may cause inaccurate times.
  • Supply counts are checked every 10 seconds.